 Dungeon Crawl Stone Soup version 0.30-a0-509-gd016549fea (webtiles) character file.

Game seed: 13991162395304459516

75 kae the Firebug (level 4, -4/24 HPs)
             Began as a Tengu Fire Elementalist on Dec 22, 2022.
             Slain by a gnoll
             ... wielding a +0 flail
              (7 damage)
             ... on level 3 of the Dungeon.
             The game lasted 00:03:17 (2398 turns).

kae the Firebug (Tengu Fire Elementalist)           Turns: 2398, Time: 00:03:18

Health: -4/24      AC:  2    Str:  8    XL:     4   Next: 31%
Magic:  6/8        EV: 12    Int: 24    God:
Gold:   90         SH:  0    Dex: 14    Spells: 1/7 levels left

rFire   . . .      SeeInvis .    k - +1 dagger (venom)
rCold   . . .      Faith    .    (no shield)
rNeg    . . .      Spirit   .    a - +0 robe
rPois   .          Reflect  .    (helmet restricted)
rElec   .          Harm     .    (no cloak)
rCorr   .          Rampage  .    (no gloves)
Will    .....                    (boots unavailable)
Stlth   ++........               (no amulet)
HPRegen 0.24/turn                I - +6 ring of intelligence
MPRegen 0.11/turn                (no ring)

@: studying Maces & Flails
A: beak, talons 3
a: no special abilities


You were on level 3 of the Dungeon.
You visited 1 branch of the dungeon, and saw 3 of its levels.

You collected 90 gold pieces.


Innate Abilities, Weirdness & Mutations

You have a beak for a mouth.
You have claws for feet.


   Skills:
 - Level 2.1 Dodging
 - Level 2.0 Stealth
 + Level 2.4 Spellcasting
 * Level 3.4 Conjurations
 * Level 4.3 Fire Magic


You had one spell level left.
You knew the following spells:

 Your Spells              Type           Power      Damage    Failure   Level
a - Foxfire               Conj/Fire      84%        2x1d8     2%          1
b - Scorch                Fire           46%        2d7       3%          2
c - Inner Flame           Hex/Fire       13%        N/A       14%         3

Your spell library contained the following spells:

 Spells                   Type           Power      Damage    Failure   Level
 Dazzling Flash           Conj/Hex       22%        N/A       17%         3
 Kindle Blastsparks       Fire/Tloc/Air  18%        2d11      19%         3
 Flame Wave               Conj/Fire      21%        2d8       22%         4
 Agony                    Necr           2%         N/A       97%         5
 Silence                  Hex/Air        1%         N/A       97%         5

Inventory:

Hand Weapons
 c - a +2 dagger of draining
   (You found it on level 1 of the Dungeon)
 h - a +2 antimagic dagger
   (You found it on level 1 of the Dungeon)
 k - a +1 dagger of venom (weapon)
   (You took it off a goblin on level 1 of the Dungeon)
Missiles
 i - 42 stones
Armour
 a - a +0 robe (worn)
 p - an orb of energy
   (You found it on level 2 of the Dungeon)
Jewellery
 I - a +6 ring of intelligence (left hand)
   (You found it on level 1 of the Dungeon)
Scrolls
 f - 3 scrolls of identify {unknown}
 g - a scroll of blinking {unknown}
 m - a scroll of acquirement {unknown}
 o - 3 scrolls of fear
 q - a scroll of teleportation {unknown}
 r - a scroll of vulnerability {unknown}
Potions
 b - a potion of magic
 d - 2 potions of mutation {unknown}
 e - a potion of haste {unknown}
 j - a potion of heal wounds {unknown}
 l - a potion of curing {unknown}

Dungeon Overview and Level Annotations

Branches:
Dungeon (3/15) Zot: 15600

Altars:

,,,**,,,,..,,,,***********,,,...,
*****,,,,...,*,,,,,,,,,,,+,,....,
,,* *,,,,,...*************,.....,
*,*******###.#############.....l,
,,,,,,,,,......$.....g..........,
,,,,,,,,,.........##############*
,,,,,,,,,)......g..# *,,,,,**
,,,,,,,,,......g<..# *****,***,*,
,,,,,,,,,.......@..# *,,,,,,,*,,,
,,,,,,,,,..........#**,*******,,*
,,,,,,,,,............#,*,,,*,,,,,
,,,,,,,,,..........#.#,*,*,*,*,,,
,,,,,,,,,..........#.#,*,*,*,,,,,
,,,,,,,,,....?.)...#,#,*,*,*,*,**
,,,,,,,,,..........#,*,*,*,*,*,,,
,,,,,,,,,..........#,*,,,*,*,****
,,,,,,,,,,,,,,,,,,,*,,,,,,,*,,,,,


You could see 2 gnolls.


Message History

There is a stone staircase leading down here. 😕 HP[+4] MP[+2]
You regained 4 hp, and now have 20/24 hp.
You regained 2 mp, and now have 4/8 mp.
You climb downwards.
You hear the sound of rushing water.
There is an entrance to a sewer on this level.
Hurry and find it before the portal rusts away!
There is a stone staircase leading up here. 😕 HP[+1]
As you read the scroll labelled EBIORU ANIOZ, it crumbles to dust.
You feel aware of your surroundings.
You sensed 1 shop/portal.
It was a scroll of magic mapping. 😕 MP[+1] Unknown command.
Unknown command.
A jackal comes into view. 😕 HP[+1] 😕 HP[+1]
(D) Dungeon
Where to? (Enter - D:3 @ (x,y), ? - help) 2 gnolls come into view.
The gnoll shouts!
A frilled lizard comes into view. 😕 MP[+1] 😎 HP[+1]
Your hp is fully restored (24).
You aren't carrying any items that you can evoke.
Unknown command.
Okay, then.
A jackal comes into view.
The jackal barks!
You closely miss the jackal.
The jackal barks!
You claw the jackal. The jackal barely misses you.
The jackal barely misses you. 😎 MP[+1]
You hear the slow rusting of a very distant drain.
The jackal bites you. The jackal barely misses you. The jackal bites you.
The jackal bites you but does no damage. 😕 HP[-2]
You take 2 damage, and now have 22/24 hp.
The jackal attacks as you move away! The jackal barely misses you.
The jackal bites you. 😕 HP[-3]
You take 3 damage, and now have 19/24 hp.
The jackal bites you. x2
The jackal bites you but does no damage.
There is a stone staircase leading up here. 😮 HP[-3]
You take 3 damage, and now have 16/24 hp.
The jackal bites you but does no damage.
The jackal barely misses you.
You climb upwards.
There is a stone staircase leading down here. 😮 HP[+1]
You hit the jackal.
You kill the jackal!
The jackal bites you. 😮 HP[-3]
You take 3 damage, and now have 14/24 hp.
The jackal attacks as you move away! The jackal completely misses you.
The jackal barely misses you.
You see here a jackal corpse.
You hit the jackal but do no damage.
The jackal is poisoned.
The jackal closely misses you. 😮 HP[+1]
You hit the jackal.
The jackal looks as sick as possible!
Your kick misses the jackal.
You kill the jackal! 😮 MP[+1]
Your mp is fully restored (8).
You start resting. 😕 HP[+5]
You regained 5 hp, and now have 20/24 hp.
There is a stone staircase leading down here.
You see here a jackal corpse.
You climb downwards.
You hear the sound of rushing water.
There is an entrance to a sewer on this level.
Hurry and find it before the portal rusts away!
The gnoll hits you with a +0 flail!
* * * LOW HITPOINT WARNING * * *
There is a stone staircase leading up, spattered with blood here. 😨 HP[-8]
You take 8 damage, and now have 12/24 hp.
MASSIVE DAMAGE!! (PAUSE)
Casting: Scorch (safe; 3% risk of failure)
Confirm with . or Enter, or press ? or * to list all spells.
Flames lash the gnoll.
The gnoll's fire resistance burns away.
You hear a shout! x2
The gnoll hits you with a +0 flail!
* * * LOW HITPOINT WARNING * * *
You hear a shout!
The gnoll barely misses you. 😱 HP[-9] MP[-2]
You take 9 damage, and now have 3/24 hp.
MASSIVE DAMAGE!! (PAUSE)
You lost 2 mp, and now have 6/8 mp.
Okay, then.
The gnoll hits you with a +0 flail!
You die...

Skill      XL: |  1  2  3 |
---------------+----------+-----
Conjurations   | 2 3 |  3.4
Fire Magic     | 4 |  4.3
Dodging        | |  2.1
Stealth        | |  2.0
Spellcasting   | |  2.4

Action                   |  1- 3 |  4- 6 || total
-------------------------+-------+-------++-------
Melee: Dagger            |     7 |     5 ||    12
       Kick              |     1 |     2 ||     3
       Peck              |     1 |       ||     1
       Punch             |     1 |       ||     1
 Cast: Foxfire           |    75 |    13 ||    88
       Scorch            |     6 |     5 ||    11
  Use: Scroll            |       |     2 ||     2
Armor: Robe              |     4 |     3 ||     7
Dodge: Dodged            |    17 |    14 ||    31

Levels and vault maps discovered:
D:1:      wheals_arrival_shading, layout_basic
D:2:      layout_loops_ring, kennysheep_generic_room_11
D:3:      layout_basic, basic_ecumenical_altar, portal_sewer_entry_b,
          minmay_misc_feat_iff, reono_crystal_passage, uniq_jessica

Notes
Turn   | Place    | Note
-------+----------+-------------------------------------------
     0 | D:1      | kae the Tengu Fire Elementalist began the quest for the
                  | Orb.
     0 | D:1      | Reached XP level 1. HP: 10/10 MP: 4/4
     0 | D:1      | magus.rc [v1.11.3]
   200 | D:1      | Reached skill level 2 in Conjurations
   200 | D:1      | Reached XP level 2. HP: 15/15 MP: 3/6
   206 | D:1      | Learned a level 2 spell: Scorch
   624 | D:1      | Reached XP level 3. HP: 19/19 MP: 4/7
   628 | D:1      | Learned a level 3 spell: Inner Flame
   905 | D:1      | Reached skill level 4 in Fire Magic
   991 | D:1      | You pick up a book of the Senses and begin reading...
   991 | D:1      | You add the spells Dazzling Flash, Agony and Silence to
                  | your library.
  1293 | D:2      | Reached skill level 3 in Conjurations
  1817 | D:2      | Reached XP level 4. HP: 22/24 MP: 3/8
  2315 | D:3      | Found a faded altar of an unknown god.
  2396 | D:3      | HP: 3/24 [gnoll/+0 flail (9)]
  2398 | D:3      | Slain by a gnoll

Vanquished Creatures
  An adder (D:2)
  2 worms (D:2)
  4 dart slugs
  2 orcs (D:2)
  3 endoplasms
  A giant cockroach (D:1)
  4 goblins
  2 hobgoblins
  10 jackals
  2 quokkas (D:1)
  3 ball pythons (D:1)
  8 bats
  A frilled lizard (D:1)
  3 kobolds
  3 rats
49 creatures vanquished.

Vanquished Creatures (others)
  144 foxfires
144 creatures vanquished.

Grand Total: 193 creatures vanquished

Table legend:
 A = Non-vault XP
 B = Vault XP
 C = Vault XP percentage of total XP
 D = Non-vault monster count
 E = Vault monster count
 F = Vault count percentage of total count
                 A         B        C        D         E       F
            +---------+---------+-------+---------+---------+-------
      Total |     107 |       1 |   0.9 |      48 |       1 |   2.0
            +---------+---------+-------+---------+---------+-------
        D:1 |      49 |       0 |   0.0 |      27 |       0 |   0.0
        D:2 |      56 |       1 |   1.8 |      20 |       1 |   4.8
        D:3 |       2 |       0 |   0.0 |       1 |       0 |   0.0
            +---------+---------+-------+---------+---------+-------

Illustrated notes

Table legend:
 A = Kills in this place as a percentage of kills in entire the game.
 B = Kills by you in this place as a percentage of kills by you in the entire game.
 C = Kills by friends in this place as a percentage of kills by friends in the entire game.
 D = Other kills in this place as a percentage of other kills in the entire game.
 E = Experience gained in this place as a percentage of experience gained in the entire game.
 F = Experience gained in this place divided by the number of levels of this place that you have seen.
                   A       B       C       D       E      F
               +-------+-------+-------+-------+-------+----------------------
         Total | 100.0 | 100.0 |   N/A |   N/A | 100.0 |  36.0
       Dungeon | 100.0 | 100.0 |   N/A |   N/A | 100.0 |  36.0
               +-------+-------+-------+-------+-------+----------------------

Table legend: (Time is in decaauts)
 A = Elapsed time spent in this place.
 B = Non-inter-level travel time spent in this place.
 C = Inter-level travel time spent in this place.
 D = Time resting spent in this place.
 E = Time spent auto-exploring this place.
 F = Levels seen in this place.
 G = Mean time per level.
                   A        B        C        D        E       F      G
               +--------+--------+--------+--------+--------+-----+--------+
         Total |   2398 |   2299 |     99 |     73 |   1855 |   3 |  799.3 |
       Dungeon |   2398 |   2299 |     99 |     73 |   1855 |   3 |  799.3 |
               +--------+--------+--------+--------+--------+-----+--------+

Top non-repeatable levels by time:
     D:2: 1230 daAuts
     D:1: 1128 daAuts
     D:3: 39 daAuts
